 Dungeon Crawl Stone Soup version 0.28.0-45-g0d030f2227 (webtiles) character file.

Game seed: 12371779351935918938

116 Icepheonix32 the Skirmisher (level 4, -10/38 HPs)
             Began as a Demonspawn Fighter on Apr 8, 2022.
             Killed by nerve-wracking pain
             ... invoked by Grinder
              (14 damage)
             ... on level 3 of the Dungeon.
             The game lasted 00:02:46 (2936 turns).

Icepheonix32 the Skirmisher (Demonspawn Fighter)    Turns: 2936, Time: 00:02:47

Health: -10/38     AC:  6    Str: 24    XL:     4   Next: 70%
Magic:  4/4        EV:  9    Int: 10    God:
Gold:   78         SH:  4    Dex: 12    Spells: 3/3 levels left

rFire   . . .      SeeInvis .   a - +0 long sword
rCold   . . .      Faith    .   c - +0 buckler
rNeg    . . .      Spirit   .   b - +0 scale mail
rPois   +          Reflect  .   (helmet restricted)
rElec   .          Harm     .   (no cloak)
rCorr   .          Rampage  .   (no gloves)
Will    .....                   (no boots)
Stlth   ..........              (no amulet)
HPRegen 0.12/turn               h - ring of poison resistance
MPRegen 0.09/turn               j - +6 ring of strength

@: mighty
A: antennae 2
a: no special abilities


You were on level 3 of the Dungeon.
You visited 1 branch of the dungeon, and saw 3 of its levels.

You collected 78 gold pieces.

Inventory:

Hand Weapons
 a - a +0 long sword (weapon)
Missiles
 g - 23 stones (quivered)
 l - 8 poisoned darts
Armour
 b - a +0 scale mail (worn)
 c - a +0 buckler (worn)
Jewellery
 h - a ring of poison resistance (left hand)
 j - a +6 ring of strength (right hand)
Wands
 m - a wand of flame (4)
Scrolls
 i - a scroll of identify {unknown}
 k - a scroll of teleportation {unknown}
 n - a scroll of enchant armour {unknown}
Potions
 e - a potion of magic {unknown}
 f - a potion of mutation {unknown}


   Skills:
 + Level 4.8 Fighting
 - Level 2.1 Long Blades
 - Level 3.0 Armour
 - Level 3.0 Shields


You had 3 spell levels left.
You didn't know any spells.
Your spell library contained the following spells:

 Spells                   Type           Power      Damage    Failure   Level
 Slow                     Hex            0%         N/A       77%         1
 Confusing Touch          Hex            0%         N/A       98%         3
 Vampiric Draining        Necr           0%         2d6       98%         3


Dungeon Overview and Level Annotations

Branches:
Dungeon (3/15)

Altars:

Annotations:
D:3 Grinder


Innate Abilities, Weirdness & Mutations

You have a pair of antennae on your head.


Message History

No target in view!
No target in view!
No target in view!
No target in view!
No target in view!
No target in view!
No target in view!
Grinder comes into view.
Grinder shouts!
Grinder blinks!
Grinder moves out of view.
Found an escape hatch in the floor.
Grinder says, "You look like you could use a good racking."
Grinder blinks!
Found a scroll labelled YSUEZU TOAX.
Grinder blinks!
You feel very mighty all of a sudden. You block Grinder's attack.
You block Grinder's attack.
You slash Grinder!
Grinder is moderately wounded.
Grinder hits you but does no damage.
You completely miss Grinder.
Grinder is moderately wounded.
You block Grinder's attack. Grinder hits you.
You writhe in agony.
You slash Grinder!
Grinder is severely wounded.
Grinder hits you.
You writhe in agony.
You barely miss Grinder.
Grinder is severely wounded.
Grinder hits you!
You writhe in agony.
You closely miss Grinder.
Grinder is severely wounded.
Grinder hits you.
* * * LOW HITPOINT WARNING * * *
You writhe in agony.
* * * LOW HITPOINT WARNING * * *
You closely miss Grinder.
Grinder is severely wounded.
Grinder gestures at you. Pain shoots through your body!
You die...

#..........
#.......#.#
#..........
#####.......#.#
...#.........
#######.#........
.............#.#
######.#....#.#
#@..#....#.##
...?...5###.#.....#
.......>+
#....##.##
........#
#...##...#
+########
#.###.#.##
#.##.#.##.##
###.#.##.#.##
##.#.##.#.#.##
##.#.##.#.#.#.#


You could see Grinder.

Vanquished Creatures
  An adder (D:2)
  4 gnolls (D:2)
  3 worms
  2 dart slugs (D:1)
  4 ball pythons
  5 endoplasms
  2 giant cockroaches
  5 goblins
  3 hobgoblins
  6 jackals (D:2)
  6 kobolds
  2 quokkas (D:1)
  3 bats
  2 frilled lizards (D:1)
  7 rats
55 creatures vanquished.

Notes
Turn   | Place    | Note
-------+----------+-------------------------------------------
     0 | D:1      | Icepheonix32 the Demonspawn Fighter began the quest for the
                  | Orb.
     0 | D:1      | Reached XP level 1. HP: 18/18 MP: 1/1
   216 | D:1      | Gained mutation: You have a pair of small antennae on your
                  | head. [demonic ancestry]
   216 | D:1      | Reached XP level 2. HP: 20/24 MP: 2/2
  1034 | D:1      | Reached XP level 3. HP: 21/29 MP: 3/3
  1600 | D:2      | Reached skill level 4 in Fighting
  2075 | D:2      | Gained mutation: You have a pair of antennae on your head.
                  | [demonic ancestry]
  2075 | D:2      | Reached XP level 4. HP: 16/37 MP: 4/4
  2081 | D:2      | HP: 1/38 [gnoll/+0 spear (4)]
  2925 | D:3      | Noticed Grinder
  2936 | D:3      | Killed from afar by Grinder

Illustrated notes

Levels and vault maps discovered:
D:1:      wander_arrival_peaceful_grave, layout_basic
D:2:      layout_loops_ring
D:3:      minmay_inner_zag, layout_basic, serial_glass, glass_columns_a,
          glass_columns_a, uniq_grinder

Skill      XL: |  1  2  3 |
---------------+----------+-----
Long Blades    | 2 |  2.1
Armour         | 3 |  3.0
Shields        | 3 |  3.0
Fighting       | 4 |  4.8

Action                   |  1- 3 |  4- 6 || total
-------------------------+-------+-------++-------
Melee: Long sword        |   143 |    38 ||   181
  Use: Potion            |     1 |     1 ||     2
Armor: Scale mail        |    82 |    10 ||    92
Dodge: Dodged            |    75 |    12 ||    87
Block: Buckler           |    35 |    13 ||    48
